 Dungeon Crawl Stone Soup version 0.26-a0-812-g31a745ddcd (webtiles) character file.

Game seed: 13572183992171705998

455 marklar909 the Firebug (level 6, -2/45 HPs)
             Began as a Draconian Fire Elementalist on Nov 13, 2020.
             Slain by a centaur
             ... wielding a cursed -1 shortbow
              (9 damage)
             ... on level 4 of the Dungeon.
             The game lasted 00:06:58 (6492 turns).

marklar909 the Firebug (DrFE)                       Turns: 6492, Time: 00:06:59

Health: -2/45      AC:  6    Str: 11    XL:     6   Next: 76%
Magic:  11/12      EV: 12    Int: 17    God:
Gold:   199        SH:  0    Dex: 11    Spells: 5/13 levels left

rFire    . . .     SeeInvis .   h - +0 whip
rCold    . . .     Faith    .   (no shield)
rNeg     . . .     Spirit   .   (armour unavailable)
rPois    .         Reflect  .   (helmet restricted)
rElec    .         Harm     .   (no cloak)
rCorr    .         Rampage  .   (no gloves)
MR       .....                  (no boots)
Stlth    ++........             (no amulet)
HPRegen  0.15/turn              (no ring)
MPRegen  0.13/turn              (no ring)

@: no status effects
A: unfitting armour, cold-blooded, AC +6
a: no special abilities


You were on level 4 of the Dungeon.
You visited 1 branch of the dungeon, and saw 4 of its levels.
You also visited: Sewer.

You collected 270 gold pieces.
You spent 71 gold pieces at shops.

Inventory:

Hand Weapons
 h - a +0 whip (weapon)
Jewellery
 e - a cursed ring of teleportation {unknown}
 i - a cursed amulet of inaccuracy {unknown}
Scrolls
 a - 4 scrolls of identify
 b - 2 scrolls of remove curse {unknown}
 f - 3 scrolls of noise {unknown}
 k - 2 scrolls of amnesia
 l - 3 scrolls of magic mapping {unknown}
 m - 3 scrolls of fog {unknown}
 n - 3 scrolls of teleportation {unknown}
 r - a scroll of immolation {unknown}
Potions
 c - a potion of degeneration {unknown}
 d - a potion of haste {unknown}
 g - 2 potions of cancellation {unknown}
 j - 5 potions of curing {unknown}
 o - 4 potions of heal wounds {unknown}
 p - a potion of brilliance {unknown}
 q - a potion of magic {unknown}


   Skills:
 + Level 0.1 Fighting
 + Level 0.9 Maces & Flails
 + Level 2.4 Dodging
 + Level 2.2 Stealth
 + Level 0.9 Unarmed Combat
 + Level 4.1 Spellcasting
 + Level 3.5 Conjurations
 + Level 4.5 Fire Magic


You had 5 spell levels left.
You knew the following spells:

 Your Spells              Type           Power        Failure   Level
a - Foxfire               Conj/Fire      ###.         3%          1
b - Inner Flame           Hex/Fire       ##......     19%         3
c - Sticky Flame          Conj/Fire      ###.....     30%         4

Your spell library contained the following spells:

 Spells                   Type           Power        Failure   Level
 Conjure Flame            Conj/Fire      ###.....     9%          3
 Fireball                 Conj/Fire      ###.......   63%         5


Dungeon Overview and Level Annotations

Branches:
Dungeon (4/15)              Sewer (visited)
 Temple: D:4-7

Altars:
Fedhas
Makhleb
Nemelex Xobeh
Ru
Xom

Shops:
D:4 ?


Innate Abilities, Weirdness & Mutations

Your plain brown scales are hard. (AC +6)
You cannot fit into any form of body armour.
You are cold-blooded and may be slowed by cold attacks.


Message History

Unknown command.
You hit the centaur.
The centaur is severely wounded.
The centaur closely misses you.
The centaur hits you but does no damage.
The centaur hits you.
The centaur hits you with a cursed -1 shortbow.
Unknown command.
You hit the centaur.
The centaur is almost dead.
The centaur hits you.
The centaur hits you with a cursed -1 shortbow.
The centaur hits you!
* * * LOW HITPOINT WARNING * * *
Unknown command.
You hit the centaur.
You tail-slap the centaur, but do no damage.
The centaur is almost dead.
The centaur hits you with a cursed -1 shortbow!
You die...

#.#....##..#. ###
#............ ##..
#..........######...
#..............†..#.
..##.#..†.###....###...
.........(# ####.# ##.#
.##.#....######.####.#
#.#.#...........##.#
#..@c...####..#.....
#..##c##..# #.###....
....##...##.# #..#..#..
#.##.#.##..#.#
##...##.. # #..c
....#########.# #.#
#.#...........# #.
##.########### . # #


You could see 2 centaurs.

Vanquished Creatures
  2 bullfrogs (Sewer)
  A hound (D:4)
  An orc priest (D:2)
  3 gnolls (D:2)
  10 adders
  4 river rats (Sewer)
  2 oozes
  2 worms (D:2)
  2 dart slugs
  3 leopard geckos
  4 orcs (D:3)
  3 giant cockroaches
  7 goblins
  6 hobgoblins
  6 jackals
  5 kobolds
  A quokka (D:4)
  13 ball pythons
  8 bats
  5 frilled lizards
  29 rats
117 creatures vanquished.

Vanquished Creatures (others)
  479 foxfires
479 creatures vanquished.

Grand Total: 596 creatures vanquished

Notes
Turn   | Place    | Note
-------+----------+-------------------------------------------
     0 | D:1      | marklar909 the Draconian Fire Elementalist began the quest
                  | for the Orb.
     0 | D:1      | Reached XP level 1. HP: 14/14 MP: 3/3
   456 | D:1      | Reached XP level 2. HP: 20/20 MP: 0/5
  1881 | D:1      | Reached XP level 3. HP: 25/26 MP: 3/6
  2151 | D:2      | Learned a level 3 spell: Inner Flame
  3071 | D:2      | Reached XP level 4. HP: 33/33 MP: 0/7
  3649 | D:2      | Found a burning altar of Makhleb.
  3669 | D:2      | Found a sparkling altar of Nemelex Xobeh.
  3734 | D:2      | Learned a level 4 spell: Sticky Flame
  3867 | D:3      | Found a glowing drain.
  3876 | Sewer    | Entered a sewer
  4018 | Sewer    | Reached XP level 5. HP: 38/38 MP: 2/9
  4962 | Sewer    | Reached XP level 6. HP: 45/45 MP: 4/11
  5645 | D:3      | Found a sacrificial altar of Ru.
  5928 | D:3      | Found a shimmering altar of Xom.
  5929 | D:3      | Found a shimmering altar of Xom.
  5975 | D:3      | Found a shimmering altar of Xom.
  5975 | D:3      | Found a shimmering altar of Xom.
  5975 | D:3      | Found a shimmering altar of Xom.
  5975 | D:3      | Found a shimmering altar of Xom.
  5978 | D:3      | Found a shimmering altar of Xom.
  5978 | D:3      | Found a shimmering altar of Xom.
  6209 | D:3      | Found a blossoming altar of Fedhas.
  6283 | D:4      | Found Salontet's Magic Scroll Boutique.
  6291 | D:4      | Bought a scroll of identify for 26 gold pieces
  6291 | D:4      | Bought a scroll of amnesia for 45 gold pieces
  6492 | D:4      | Slain by a centaur

Illustrated notes

Levels and vault maps discovered:
D:1:      erik_arrival_cave_to_civilisation [erik_arrival_cave_to_hall],
          layout_loops_ring, serial_bayou_pond_a
D:2:      layout_rooms, gammafunk_temple_overflow_pools,
          minmay_indecisive_spiral
D:3:      layout_rooms, lemuel_crystal_altar, fedhas_altar_fruit_tree,
          portal_sewer_entry_d, xom_redecorated
D:4:      layout_loops_ring, minmay_temple_entry_gardened_gates, serial_shops,
          nicolae_shop_crystal, eino_small_chamber_without_monster,
          minmay_manual_mares

Skill      XL: |  1  2  3  4  5  6 |
---------------+-------------------+-----
Dodging        | 2 |  2.4
Conjurations   | 2 3 |  3.5
Spellcasting   | 3 4 |  4.1
Stealth        | 2 |  2.2
Fire Magic     | 4 |  4.5
Fighting       | |  0.1
Maces & Flails | |  0.9
Unarmed Combat | |  0.9

Action                   |  1- 3 |  4- 6 || total
-------------------------+-------+-------++-------
Melee: Unarmed           |    53 |       ||    53
       Tailslap          |     5 |     3 ||     8
       Whip              |       |    31 ||    31
 Cast: Foxfire           |   114 |   203 ||   317
Armor: Skin              |    43 |    19 ||    62
Dodge: Dodged            |    73 |    49 ||   122

Table legend: (Time is in decaauts)
 A = Elapsed time spent in this place.
 B = Non-inter-level travel time spent in this place.
 C = Inter-level travel time spent in this place.
 D = Time resting spent in this place.
 E = Time spent auto-exploring this place.
 F = Levels seen in this place.
 G = Mean time per level.
                   A        B        C        D        E       F      G
               +--------+--------+--------+--------+--------+-----+--------+
         Total |   6560 |   6359 |    201 |   1826 |   3673 |   5 | 1312.0 |
       Dungeon |   5304 |   5103 |    201 |   1214 |   3182 |   4 | 1326.0 |
         Sewer |   1256 |   1256 |      0 |    612 |    491 |   1 | 1256.0 |
               +--------+--------+--------+--------+--------+-----+--------+

Top non-repeatable levels by time:
     D:1: 2388 daAuts
     D:2: 1757 daAuts
   Sewer: 1256 daAuts
     D:3: 942 daAuts
     D:4: 215 daAuts
